 Dungeon Crawl Stone Soup version 0.19-a0-376-gf780d9b (webtiles) character file.

275 Kidiri the Firebug (level 6, 0/32 HPs)
             Began as a Deep Elf Fire Elementalist on May 30, 2016.
             Slain by an ogre
             ... wielding a +0 giant club
              (14 damage)
             ... on level 4 of the Dungeon.
             The game lasted 00:15:16 (3986 turns).

Kidiri the Firebug (Deep Elf Fire Elementalist)     Turns: 3986, Time: 00:15:16

Health: 0/32       AC:  6    Str:  5    XL:     6   Next: 3%
Magic:  15/15      EV: 13    Int: 22    God:
Gold:   176        SH:  0    Dex: 15    Spells: 5 memorised, 1 level left

rFire  . . .     SeeInvis .     m - +1 short sword (elec)
rCold  . . .     Gourm    .     a - +0 robe
rNeg   . . .     Faith    .     (no shield)
rPois  .         Spirit   .     f - +0 helmet
rElec  .         Dismiss  .     j - +1 cloak
rCorr  .         Reflect  .     k - +0 pair of gloves
SustAt .         Harm     .     (no boots)
MR     .....                    (no amulet)
Stlth  ++........               (no ring)
                                (no ring)

@: not resistant to hostile enchantments, unstealthy
A: no striking features
a: no special abilities


You were on level 4 of the Dungeon.
You were not hungry.

You visited 1 branch of the dungeon, and saw 4 of its levels.

You collected 176 gold pieces.

Inventory:

Hand Weapons
 m - a +1 short sword of electrocution (weapon)
Armour
 a - a +0 robe (worn)
 f - a +0 helmet (worn)
 i - a +0 leather armour
 j - a +1 cloak (worn)
 k - a +0 pair of gloves (worn)
Jewellery
 n - an uncursed ring of ice
Scrolls
 l - a scroll of remove curse
 q - a scroll of enchant armour {unknown}
 r - 2 scrolls of recharging {unknown}
Potions
 d - a potion of cure mutation
 e - a potion of lignification
 s - a potion of heal wounds
Books
 b - a book of Flames

   Spells                             Type                      Level
   a - Flame Tongue                   Conjuration/Fire             1
   b - Throw Flame                    Conjuration/Fire             2
   c - Conjure Flame                  Conjuration/Fire             3
   d - Inner Flame                    Hexes/Fire                   3
   e - Sticky Flame                   Conjuration/Fire             4
   f - Fireball                       Conjuration/Fire             5
Comestibles
 c - 2 bread rations
 g - a slice of pizza
 h - 4 meat rations
 o - a chunk of flesh


   Skills:
 + Level 0.0 Fighting
 + Level 0.0 Armour
 + Level 2.4 Dodging
 - Level 2.4 Stealth
 + Level 4.8 Spellcasting
 + Level 3.4 Conjurations
 * Level 5.7 Fire Magic


You had one spell level left.
You knew the following spells:

 Your Spells              Type           Power        Failure   Level  Hunger
a - Flame Tongue          Conj/Fire      ####.        1%          1    None
b - Throw Flame           Conj/Fire      ####..       2%          2    None
c - Conjure Flame         Conj/Fire      ####....     6%          3    ##.....
d - Inner Flame           Hex/Fire       ###.....     12%         3    ##.....
e - Sticky Flame          Conj/Fire      ####....     17%         4    ####...


Dungeon Overview and Level Annotations

Branches:
Dungeon (4/15)
 Temple: D:4-7

Altars:
Qazlal


Message History

Unknown command.
You start resting.
Your magical contamination has completely faded away.
You start resting.
A centaur comes into view.
Casting: Flame Tongue
Confirm with . or Enter, or press ? or * to list all spells.
Aiming: Throw Flame
Press: ? - help, Shift-Dir - straight line, f - centaur
Aim: a centaur (hasn't noticed you)
Okay, then.
There is a stone staircase leading down here.
You start resting.
HP restored.
There is a stone staircase leading down here.
You climb downwards.
The ogre hits you with a giant spiked club!!
Ouch! That really hurt!
The ogre hits you with a giant club!
You die...

#)......(.. ##..#.##.#..
.##.###...#.#####..##....#
................S#####..#
#.......<.......#####..#
.##.............os..)....#
.#.......##.#.....####...###
.#..)....##.#..............#
......(..##.#....####.#..#.....
........).......@# #.o.........
......##.####..OO###O.#.##.....
.........###.....#...O#.# #!...
.=.#.##............##...# ....
#.##........#............# ..
#.##..........#....[.....#
#.##.......##...##.......#
O.###.........#..........#
#####...........##........


You could see 2 ogres, an orc priest, an adder and a giant cockroach.

Vanquished Creatures
  Crazy Yiuf (D:3)
  An orc priest (D:3)
  Ijyb (D:3)
  2 worker ants (D:3)
  5 adders
  An ooze (D:2)
  2 worms (D:2)
  A dart slug (D:3)
  3 giant geckos
  6 orcs
  3 ball pythons
  2 giant cockroaches
  13 goblins
  7 hobgoblins
  4 jackals (D:1)
  8 kobolds
  2 quokkas
  6 bats
  A giant newt (D:2)
  12 rats
81 creatures vanquished.

Notes
Turn   | Place    | Note
--------------------------------------------------------------
     0 | D:1      | Kidiri the Deep Elf Fire Elementalist began the quest for the Orb.
     0 | D:1      | Reached XP level 1. HP: 10/10 MP: 6/6
   214 | D:1      | Reached XP level 2. HP: 14/15 MP: 5/8
   219 | D:1      | Learned a level 2 spell: Throw Flame
   373 | D:1      | Reached skill level 4 in Fire Magic
   838 | D:1      | Reached XP level 3. HP: 19/19 MP: 7/10
   843 | D:1      | Learned a level 3 spell: Conjure Flame
   847 | D:1      | Learned a level 3 spell: Inner Flame
  1545 | D:2      | Reached XP level 4. HP: 24/24 MP: 1/11
  2503 | D:3      | Noticed Ijyb
  2595 | D:3      | Killed Ijyb
  2595 | D:3      | Reached skill level 5 in Fire Magic
  2729 | D:3      | Reached XP level 5. HP: 25/28 MP: 8/13
  2790 | D:3      | Noticed an air elemental
  2813 | D:3      | Noticed a water elemental
  2815 | D:3      | Found a stormy altar of Qazlal.
  2817 | D:3      | Noticed a fire elemental
  2880 | D:3      | Noticed Crazy Yiuf
  2888 | D:3      | Killed Crazy Yiuf
  3422 | D:4      | Noticed an ogre
  3422 | D:4      | Noticed an ogre
  3482 | D:4      | HP: 1/28 [worker ant (5)]
  3593 | D:3      | Learned a level 4 spell: Sticky Flame
  3861 | D:3      | Reached XP level 6. HP: 20/32 MP: 3/15
  3986 | D:4      | Slain by an ogre

Vault maps used:
D:1:      ncdulo_wetmaze, kennysheep_crisscross
D:2:      kennysheep_generic_room_7
D:3:      kennysheep_six_static_rooms, nicolae_qazlal_style_of_elements,
          first_bread, uniq_crazy_yiuf_cottage, uniq_iyjb
D:4:      kennysheep_mini

Skill      XL: |  1  2  3  4  5 |
---------------+----------------+-----
Fire Magic     | 4 5 |  5.7
Conjurations   | 2 3 |  3.4
Spellcasting   | 4 |  4.8
Dodging        | |  2.4
Stealth        | |  2.4

Action                   |  1- 3 |  4- 6 || total
-------------------------+-------+-------++-------
Melee: Unarmed           |     3 |       ||     3
       Dagger            |     2 |    13 ||    15
       Short sword       |       |     1 ||     1
 Cast: Flame Tongue      |    45 |    68 ||   113
       Throw Flame       |    28 |    28 ||    56
       Conjure Flame     |       |     1 ||     1
  Use: Scroll            |     2 |     7 ||     9
       Potion            |       |     3 ||     3
 Stab: Sleeping          |       |     1 ||     1
  Eat: Chunk             |     3 |     6 ||     9
       Royal jelly       |       |     1 ||     1
       Fruit             |       |     1 ||     1
Armor: Robe              |     3 |    13 ||    16
Dodge: Dodged            |    29 |    35 ||    64
